 Dungeon Crawl Stone Soup version 0.28.0-53-g5a82cb258f (webtiles) character file.

Game seed: 10028696469285697878

1687 bnorton916 the Thaumaturge (level 8, -11/41 HPs)
             Began as a Deep Elf Fire Elementalist on May 31, 2022.
             Was an Initiate of Gozag.
             Mangled by Menkaure (21 damage)
             ... on level 7 of the Dungeon.
             The game lasted 00:12:15 (10770 turns).

bnorton916 the Thaumaturge (DEFE)                  Turns: 10770, Time: 00:12:16

Health: -11/41     AC:  6    Str:  7    XL:     8   Next: 71%
Magic:  27/31      EV: 12    Int: 23    God:    Gozag
Gold:   223        SH:  0    Dex: 15    Spells: 9/24 levels left

rFire   . . .      SeeInvis .   i - +5 war axe of Annihilation {holy, rPois Str+2}
rCold   . . .      Faith    .   (no shield)
rNeg    . . .      Spirit   .   a - +0 robe
rPois   +          Reflect  .   f - +2 hat
rElec   .          Harm     .   (no cloak)
rCorr   .          Rampage  .   E - +0 pair of gloves
Will    .....                   o - +0 pair of boots
Stlth   ++........              (no amulet)
HPRegen 0.13/turn               h - ring of wizardry
MPRegen 0.22/turn               y - ring of magical power

@: no status effects
A: no striking features
a: Renounce Religion, Potion Petition, Call Merchant, Bribe Branch


You were on level 7 of the Dungeon.
You worshipped Gozag.
Gozag was aware of your devotion.
You visited 2 branches of the dungeon, and saw 8 of its levels.
You also visited: Sewer and Ossuary.

You collected 354 gold pieces.
You paid 131 gold pieces to Gozag.

Inventory:

Hand Weapons
 i - the +5 war axe of Annihilation (weapon) {holy, rPois Str+2}
   (You found it on level 2 of the Dungeon)

   It has been blessed by the Shining One to cause great damage to the undead
   and demons.
   Str:       It affects your strength (+2).
   rPois:     It protects you from poison.
 s - a +0 hand crossbow
Missiles
 g - 40 stones
 t - 20 bolts
 D - 4 boomerangs
Armour
 a - a +0 robe (worn)
 f - a +2 hat (worn)
 o - a +0 pair of boots (worn)
 E - a +0 pair of gloves (worn)
 F - a +1 helmet
Magical Staves
 w - a staff of conjuration
Jewellery
 h - a ring of wizardry (left hand)
 p - a ring of see invisible
 y - a ring of magical power (right hand)
Wands
 n - a wand of paralysis (27)
 q - a wand of flame (17)
Scrolls
 j - a scroll of enchant weapon
 m - 4 scrolls of teleportation
 r - 2 scrolls of vulnerability {unknown}
 u - 3 scrolls of immolation {unknown}
 v - 3 scrolls of blinking {unknown}
 x - a scroll of identify
 B - 2 scrolls of fear {unknown}
Potions
 b - 4 potions of heal wounds
 c - 2 potions of haste
 d - a potion of attraction
 e - 5 potions of flight
 k - 2 potions of curing
 l - a potion of might
 z - a potion of lignification {unknown}
 A - 2 potions of degeneration {unknown}
 C - 2 potions of cancellation {unknown}


   Skills:
 - Level 2.4 Dodging
 - Level 2.4 Stealth
 + Level 8.7 Spellcasting
 + Level 6.7 Conjurations
 + Level 3.0 Summonings
 + Level 7.5 Fire Magic


You had 9 spell levels left.
You knew the following spells:

 Your Spells              Type           Power      Damage    Failure   Level
a - Foxfire               Conj/Fire      100%       2x1d9     1%          1
b - Scorch                Fire           88%        2d9       1%          2
c - Conjure Flame         Conj/Fire      42%        6-21      1%          3
d - Flame Wave            Conj/Fire      42%        2d9       1%          4
e - Passwall              Tmut/Erth      8%         N/A       4%          2
f - Call Canine Familiar  Summ           24%        N/A       2%          3

Your spell library contained the following spells:

 Spells                   Type           Power      Damage    Failure   Level
 Summon Small Mammal      Summ           96%        N/A       1%          1
 Inner Flame              Hex/Fire       27%        N/A       1%          3
 Ensorcelled Hibernation  Hex/Ice        20%        N/A       4%          2
 Summon Guardian Golem    Hex/Summ       17%        N/A       4%          3
 Iskenderun's Battlesphe  Conj           40%        2d9       4%          5
 Gell's Gravitas          Tloc           10%        N/A       8%          3
 Lesser Beckoning         Tloc           10%        N/A       8%          3
 Swiftness                Air            10%        N/A       8%          3
 Teleport Other           Tloc           10%        N/A       8%          3
 Animate Armour           Summ/Erth      34%        N/A       14%         4
 Blade Hands              Tmut           5%         N/A       54%         5
 Iron Shot                Conj/Erth      12%        9d3       65%         6
 Spellforged Servitor     Conj/Summ      16%        N/A       94%         7


Dungeon Overview and Level Annotations

Branches:
Dungeon (7/15)             Temple (1/1) D:7           Sewer (visited)
Ossuary (visited)

Altars:
Ashenzari
Cheibriados
Dithmenos
Gozag
Hepliaklqana
Kikubaaqudgha
Makhleb
Nemelex Xobeh
Okawaru
Qazlal
Ru
Sif Muna
Trog
Uskayaw
Vehumet
Wu Jian
Xom
Yredelemnul
Zin
The Shining One

Shops:
D:6 =

Annotations:
D:5 exclusion: statue
D:7 Menkaure


Message History

There is a staircase to the Ecumenical Temple here.
You have 223 gold pieces.
Unknown command.
Menkaure, Prince of Dust comes into view.
Casting: Scorch (safe; 1% risk of failure)
Confirm with . or Enter, or press ? or * to list all spells.
You conjure some foxfire!
Menkaure shouts!
Menkaure mumbles, "From dust you came, to dust you will return."
The foxfire hits Menkaure.
Menkaure is burned terribly!
Menkaure is moderately damaged.
Casting: Foxfire (safe; 1% risk of failure)
Confirm with . or Enter, or press ? or * to list all spells.
You conjure some foxfire!
Your foxfire dissipates!
Menkaure calls on the powers of darkness!
Your body is wracked with pain!
Casting: Foxfire (safe; 1% risk of failure)
Confirm with . or Enter, or press ? or * to list all spells.
You can't see any susceptible monsters within range! (Use Z to cast anyway.) Unknown command.
Your foxfire dissipates!
Casting: Foxfire (safe; 1% risk of failure)
Confirm with . or Enter, or press ? or * to list all spells.
Flames lash Menkaure.
Menkaure is burned terribly!
Menkaure is moderately damaged.
Menkaure's fire resistance burns away.
Casting: Scorch (safe; 1% risk of failure)
Confirm with . or Enter, or press ? or * to list all spells.
Flames lash Menkaure but do no damage.
Menkaure closely misses you.
Menkaure is no longer more vulnerable to fire.
Menkaure hits you!
* * * LOW HITPOINT WARNING * * *
Unknown command.
Casting: Scorch (safe; 1% risk of failure)
Confirm with . or Enter, or press ? or * to list all spells.
You conjure some foxfire!
Menkaure hits you!!
Ouch! That really hurt!
You die...
Your body crumbles into a pile of gold.

#..........##
##§.........##
##.....##...#####
##...####.......
#.⌠.# #........
######...###....## .
#................# .
....⌠..>..⌠vM#..v..#
. ###.........@#
#.M$. . ####...###v#
#.. . #.⌠.# ### . .
#...# . #.... .
..... .....# . $ .


You could see Menkaure (ally target).

Vanquished Creatures
  A water moccasin (D:6)
  A black bear (D:6)
  A necrophage (D:4)
  A centaur (D:6)
  2 elf zombies (Ossuary)
  A phantom (D:5)
  A bullfrog (D:6)
  4 scorpions
  A water moccasin skeleton (D:4)
  2 bullfrog zombies (D:6)
  2 centaur zombies
  An orc priest (D:7)
  A centaur skeleton (D:6)
  A jelly (D:6)
  3 hounds (D:6)
  A hell rat (Sewer)
  Jessica (D:2)
  3 iguanas
  An orc wizard (D:6)
  A hound zombie (D:5)
  A hound skeleton (D:4)
  2 mummies (Ossuary)
  Robin (D:4)
  A howler monkey zombie (D:5)
  6 adders
  3 river rats
  A white imp (D:6)
  An adder zombie (Ossuary)
  4 worms
  4 dart slugs
  7 orcs
  12 ball pythons
  3 endoplasms (D:2)
  8 giant cockroaches
  11 hobgoblins
  4 jackals
  5 kobolds
  2 quokkas
  4 bats
  A frilled lizard (D:1)
  16 goblins
  2 goblin zombies
  7 hobgoblin zombies (Ossuary)
  2 jackal zombies (Ossuary)
  12 kobold zombies (Ossuary)
  8 orc zombies (Ossuary)
  A quokka zombie (D:4)
  13 rats
  4 rat zombies (Ossuary)
176 creatures vanquished.

Vanquished Creatures (others)
  707 foxfires
707 creatures vanquished.

Grand Total: 883 creatures vanquished

Notes
Turn   | Place    | Note
-------+----------+-------------------------------------------
     0 | D:1      | bnorton916 the Deep Elf Fire Elementalist began the quest
                  | for the Orb.
     0 | D:1      | Reached XP level 1. HP: 10/10 MP: 6/6
   330 | D:1      | Reached XP level 2. HP: 15/15 MP: 4/8
  1364 | D:2      | Noticed Jessica
  1368 | D:2      | Killed Jessica
  1369 | D:2      | Reached skill level 4 in Spellcasting
  1369 | D:2      | Reached XP level 3. HP: 19/19 MP: 6/10
  1853 | D:2      | Reached XP level 4. HP: 24/24 MP: 10/12
  2012 | D:2      | Identified the +5 war axe of Annihilation {holy, rPois
                  | Str+2}
  3360 | D:3      | Reached XP level 5. HP: 28/28 MP: 9/14
  3695 | D:4      | Found a sand-covered staircase.
  3700 | D:4      | Learned a level 2 spell: Scorch
  3704 | D:4      | Learned a level 3 spell: Conjure Flame
  3820 | Ossuary  | Entered an ossuary
  4274 | Ossuary  | Reached skill level 5 in Spellcasting
  4279 | Ossuary  | HP: 1/28 [elf zombie (2)]
  4485 | Ossuary  | Reached skill level 5 in Fire Magic
  4495 | Ossuary  | Reached XP level 6. HP: 32/32 MP: 10/16
  5560 | D:4      | Reached skill level 6 in Spellcasting
  5773 | D:4      | Reached XP level 7. HP: 36/36 MP: 14/18
  5845 | D:4      | Noticed Robin
  5850 | D:4      | Killed Robin
  6184 | D:5      | Entered Level 5 of the Dungeon
  6205 | D:5      | Found a radiant altar of Vehumet.
  6492 | D:5      | Reached skill level 5 in Conjurations
  6531 | D:5      | Found a shimmering blue altar of Sif Muna.
  6624 | D:5      | Reached skill level 7 in Spellcasting
  6717 | D:5      | Found a glowing drain.
  6742 | Sewer    | Entered a sewer
  7129 | Sewer    | Learned a level 4 spell: Flame Wave
  7722 | D:6      | Found a sparkling altar of Nemelex Xobeh.
  7858 | D:6      | Reached XP level 8. HP: 41/41 MP: 21/21
  7875 | D:6      | Learned a level 2 spell: Passwall
  7879 | D:6      | Learned a level 3 spell: Call Canine Familiar
  8063 | D:6      | Reached skill level 1 in Summonings
  8075 | D:6      | Reached skill level 8 in Spellcasting
  8640 | D:6      | Found a shimmering altar of Xom.
  8791 | D:6      | Found Ezomeela's Jewellery Shoppe.
  8934 | D:6      | Found a snail-covered altar of Cheibriados.
  9227 | D:6      | Found a burning altar of Makhleb.
 10649 | D:7      | Found a staircase to the Ecumenical Temple.
 10663 | Temple   | Entered the Ecumenical Temple
 10742 | Temple   | Became a worshipper of Gozag Ym Sagoz the Greedy
 10756 | D:7      | Noticed Menkaure
 10770 | D:7      | Mangled by Menkaure

Illustrated notes

Levels and vault maps discovered:
D:1:      lemuel_arrival_lava_pool, layout_loops_ring
D:2:      layout_rooms, serial_aquarium, aquarium_bridge_island_large
          [aquarium_subvault_large_4_pools, aquarium_subvault_bridge,
          aquarium_subvault_wall, aquarium_subvault_window,
          aquarium_subvault_bridge], aquarium_bridge_square
          [aquarium_subvault_bridge, aquarium_subvault_bridge,
          aquarium_subvault_bridge, aquarium_subvault_wall], aquarium_window_2,
          aquarium_window_corridor_2, aquarium_view_2c, aquarium_view_2g,
          aquarium_pool_1, uniq_jessica
D:3:      layout_rooms, minmay_misc_feat_nine_boxes
D:4:      layout_loops_ring, enter_ossuary_4, minmay_misc_feat_roman, uniq_robin
D:5:      layout_basic, general_overflow_altar, vehumet_statue,
          portal_sewer_entry_e
D:6:      layout_loops_ring, mainiacjoe_overflow_brackets,
          nicolae_overflow_crystal_walls, nicolae_overflow_hidden_temple,
          lightli_temple_of_fire, minmay_misc_feat_plants,
          nicolae_take_the_stairs, minmay_bent
D:7:      layout_layer_cave, minmay_temple_entry_junction,
          uniq_crazy_yiuf_cottage, uniq_menkaure
Temple:   nicolae_temple_great_sept

Skill      XL: |  1  2  3  4  5  6  7  8 |
---------------+-------------------------+-----
Conjurations   | 2 3 4 5 6 |  6.7
Spellcasting   | 4 5 6 7 8 |  8.7
Fire Magic     | 4 5 6 7 |  7.5
Summonings     | 3 |  3.0
Dodging        | |  2.4
Stealth        | |  2.4

Action                   |  1- 3 |  4- 6 |  7- 9 || total
-------------------------+-------+-------+-------++-------
Melee: War axe           |       |    30 |       ||    30
 Cast: Foxfire           |    84 |   197 |   139 ||   420
       Scorch            |       |     6 |    42 ||    48
       Conjure Flame     |       |       |     1 ||     1
  Use: Scroll            |       |    10 |       ||    10
       Potion            |       |     1 |       ||     1
Armor: Robe              |     1 |    32 |    45 ||    78
Dodge: Dodged            |     7 |    57 |    62 ||   126
